 Dungeon Crawl Stone Soup version 0.29.1-12-g30fa7ad0bf (webtiles) character file.

Game seed: 1788183469465580730

5985 cheesebisquit the Severer (level 10, 0/78 HPs)
             Began as a Minotaur Berserker on Dec 30, 2022.
             Was an Elder of Trog.
             Slain by a death yak (7 damage)
             ... on level 9 of the Dungeon.
             The game lasted 00:28:14 (6052 turns).

cheesebisquit the Severer (Minotaur Berserker)      Turns: 6052, Time: 00:28:15

Health: 0/78       AC: 18    Str: 27    XL:     10   Next: 55%
Magic:  9/9        EV: 11    Int:  4    God:    Trog [****..]
Gold:   414        SH:  0    Dex:  9    Spells: 9/9 levels left

rFire   . . .      SeeInvis .   k - +5 war axe
rCold   . . .      Faith    .   C - orb {mayhem}
rNeg    . . .      Spirit   .   l - +2 plate armour
rPois   .          Reflect  .   (helmet restricted)
rElec   .          Harm     .   (no cloak)
rCorr   .          Rampage  .   (no gloves)
Will    ++...                   x - +0 pair of boots
Stlth   ..........              y - amulet of regeneration
HPRegen 2.03/turn               i - +4 ring of evasion
MPRegen 0.11/turn               p - +4 ring of protection

@: strong-willed (expiring), on berserk cooldown, regenerating (expiring),
slowed, very slow
A: horns 2, retaliatory headbutt
a: Renounce Religion, Berserk, Trog's Hand, Brothers in Arms


You were on level 9 of the Dungeon.
You worshipped Trog.
Trog was greatly pleased with you.
You visited 1 branch of the dungeon, and saw 8 of its levels.

You collected 414 gold pieces.

Inventory:

Hand Weapons
 k - a +5 war axe (weapon)
 v - a +2 morningstar
Missiles
 d - 2 curare-tipped darts
 h - 4 datura-tipped darts
 q - 12 poisoned darts (quivered)
Armour
 l - a +2 plate armour (worn)
 n - an orb of light
 x - a +0 pair of boots (worn)
 C - an orb of mayhem (worn)
Jewellery
 i - a +4 ring of evasion (left hand)
 p - a +4 ring of protection (right hand)
 y - an amulet of regeneration (around neck)
Wands
 b - a wand of flame (39)
 z - a wand of light (9)
 D - a wand of roots (8)
Scrolls
 e - a scroll of fog
 m - a scroll of summoning {unknown}
 o - a scroll of torment {unknown}
 s - a scroll of magic mapping {unknown}
 w - a scroll of poison {unknown}
 A - a scroll of identify
 B - a scroll of silence {unknown}
 E - a scroll of blinking {unknown}
Potions
 c - 4 potions of curing
 f - a potion of berserk rage
 g - 3 potions of haste
 j - 3 potions of lignification
 r - 3 potions of flight
 t - 2 potions of attraction
 u - a potion of resistance


   Skills:
 - Level 3.8 Fighting
 + Level 18.6 Axes
 - Level 2.6 Armour
 - Level 2.4 Dodging


You had 9 spell levels left.
You didn't know any spells.
Your spell library was empty.

Dungeon Overview and Level Annotations

Branches:
Dungeon (9/15)             Temple (0/1) D:7
   Lair: D:8-11         Orc: D:9-12

Altars:
Dithmenos
Elyvilon
Fedhas
Gozag
Hepliaklqana
Kikubaaqudgha
Makhleb
Nemelex Xobeh
Qazlal
Sif Muna
Uskayaw
Wu Jian
Zin

Shops:
D:4 *


Innate Abilities, Weirdness & Mutations

You have a pair of horns on your head.
You reflexively headbutt those who attack you in melee.


Message History

The death yak gores you but does no damage.
You slash the death yak! Your headbutt misses the death yak.
The death yak is almost dead.
You barely miss the death yak.
The death yak gores you but does no damage.
The death yak gores you.
You slash the death yak!
You kill the death yak!
Trog accepts your kill.
You hit the death yak but do no damage. You hit the death yak.
The death yak misses you. You furiously retaliate!
You headbutt the death yak, but do no damage.
The death yak barely misses you.
You hit the death yak but do no damage.
The death yak is lightly wounded.
You barely miss the death yak. The death yak gores you!
The death yak gores you but does no damage. x2
A river rat comes into view.
The death yak gores you!
You barely miss the death yak. You headbutt the death yak.
The death yak is lightly wounded.
You slash the death yak!
You feel the effects of Trog's Hand fading.
The death yak gores you but does no damage.
The death yak gores you.
Okay, then.
As you read the scroll of fear, it crumbles to dust.
You assume a fearsome visage.
The death yak resists with some effort. x2
The river rat looks frightened!
The death yak completely misses you. The death yak gores you!!
* * * LOW HITPOINT WARNING * * *
You slice the death yak!! Your headbutt misses the death yak.
The death yak is moderately wounded.
You slash the death yak! The death yak gores you!
* * * LOW HITPOINT WARNING * * *
The death yak gores you but does no damage.
Okay, then.
The death yak completely misses you. You furiously retaliate!
You headbutt the death yak. The death yak gores you!
You die...

#..# #.~~≈~.P ##.# #+
###### ##..~≈≈~. #.#
###.##....# ###...≈≈≈~≈
#.#
##.....##..###...#..~~≈≈
#.#
.........).'...####..≈~~
#.## ...$.##.))######
#...~ #..# #..##.[)##
.#.. ##.# .##....)Y..#
#### #.# .......@Y†.#
### ...._..§≈§...#
≈≈.....§§§.#..#
≈≈.........##r#
....♣♣....## ... ....
♣....# .. ... .....# ##
...##.#


You could see 2 death yaks.

Vanquished Creatures
  A death yak (D:9)
  Prince Ribbit (D:5)
  Eustachio (D:4)
  9 yaks
  A steam dragon (D:9)
  Menkaure (D:7)
  2 water moccasins
  3 orc warriors
  4 ice beasts
  5 centaurs
  A phantom (D:6)
  4 bullfrogs
  4 kobold brigands
  4 necrophages
  2 scorpions
  7 wights
  8 killer bees (D:9)
  An electric eel (D:9)
  A howler monkey (D:6)
  2 hounds
  3 jellies
  3 iguanas
  7 orc wizards
  4 gnolls (D:7)
  5 adders
  A shadow imp (D:8)
  2 worms (D:5)
  A dart slug (D:1)
  13 orcs
  4 ball pythons
  2 endoplasms
  5 giant cockroaches
  A goblin (D:1)
  3 hobgoblins
  A quokka (D:4)
  3 bats (D:1)
  9 kobolds
  A rat (D:1)
130 creatures vanquished.

Vanquished Creatures (collateral kills)
  2 kobolds (D:9)
2 creatures vanquished.

Vanquished Creatures (others)
  An orc (D:7)
  3 kobolds (D:9)
  A fungus (D:9)
5 creatures vanquished.

Grand Total: 137 creatures vanquished

Notes
Turn   | Place    | Note
-------+----------+-------------------------------------------
     0 | D:1      | cheesebisquit the Minotaur Berserker began the quest for
                  | the Orb.
     0 | D:1      | Reached XP level 1. HP: 19/19 MP: 0/0
     1 | D:1      | Noticed an electric eel
   379 | D:1      | Found a faded altar of an unknown god.
   457 | D:1      | Reached XP level 2. HP: 23/27 MP: 1/1
   616 | D:1      | Reached skill level 4 in Axes
  1409 | D:2      | Reached XP level 3. HP: 22/33 MP: 2/2
  1533 | D:2      | You fall into a shaft and drop 2 floors!
  1550 | D:4      | Reached skill level 5 in Axes
  1692 | D:4      | Noticed Eustachio
  1697 | D:4      | Killed Eustachio
  1698 | D:4      | Reached skill level 7 in Axes
  1698 | D:4      | Reached XP level 4. HP: 40/40 MP: 3/3
  1698 | D:4      | Reached XP level 5. HP: 46/46 MP: 4/4
  1913 | D:4      | Reached XP level 6. HP: 44/52 MP: 5/5
  1915 | D:4      | Reached ** piety under Trog
  1916 | D:4      | Reached skill level 8 in Axes
  1976 | D:4      | Found Taunoa's Assorted Antiques.
  2156 | D:5      | Entered Level 5 of the Dungeon
  2435 | D:5      | Reached skill level 9 in Axes
  2446 | D:5      | Noticed Prince Ribbit
  2460 | D:5      | Killed Prince Ribbit
  2461 | D:5      | Reached skill level 10 in Axes
  2461 | D:5      | Reached XP level 7. HP: 35/58 MP: 6/6
  2789 | D:5      | Reached skill level 11 in Axes
  3186 | D:6      | Reached XP level 8. HP: 53/66 MP: 7/7
  3294 | D:6      | Reached skill level 12 in Axes
  3385 | D:6      | Reached skill level 13 in Axes
  3397 | D:6      | Reached skill level 14 in Axes
  3397 | D:6      | Reached XP level 9. HP: 16/71 MP: 8/8
  3737 | D:6      | Found a shimmering blue altar of Sif Muna.
  3745 | D:6      | Reached skill level 15 in Axes
  4334 | D:7      | Identified the +7 short sword "Bem Peir" {freeze, rElec
                  | rPois rF- Will++}
  4442 | D:7      | Reached *** piety under Trog
  4580 | D:7      | Found a staircase to the Ecumenical Temple.
  4586 | D:7      | Reached skill level 16 in Axes
  4746 | D:7      | Found a shadowy altar of Dithmenos.
  4750 | D:7      | Found a hazy altar of Hepliaklqana.
  4854 | D:7      | Noticed Menkaure
  4862 | D:7      | Killed Menkaure
  5337 | D:8      | Reached XP level 10. HP: 78/78 MP: 9/9
  5410 | D:8      | Reached skill level 17 in Axes
  5422 | D:8      | Found an ancient bone altar of Kikubaaqudgha.
  5469 | D:8      | Found a hide-covered altar of Uskayaw.
  5470 | D:8      | Found a glowing silver altar of Zin.
  5471 | D:8      | Found a white marble altar of Elyvilon.
  5472 | D:8      | Found a stormy altar of Qazlal.
  5472 | D:8      | Found a burning altar of Makhleb.
  5549 | D:8      | Found an opulent altar of Gozag.
  5549 | D:8      | Found a sparkling altar of Nemelex Xobeh.
  5832 | D:9      | Found a blossoming altar of Fedhas.
  5933 | D:9      | Reached **** piety under Trog
  6014 | D:9      | Found an ornate altar of the Wu Jian Council.
  6019 | D:9      | Reached skill level 18 in Axes
  6031 | D:9      | Noticed a death yak
  6038 | D:9      | Noticed a death yak
  6042 | D:9      | Noticed a death yak
  6047 | D:9      | Killed a death yak
  6052 | D:9      | Slain by a death yak

Illustrated notes

Levels and vault maps discovered:
D:1:      arrival_aquarium_a, layout_basic, shapermc_ecumenical_altar_ellora
D:2:      layout_loops_cross, serial_shops, nicolae_shop_behind_doors,
          uniq_terence, uniq_crazy_yiuf_cottage, uniq_natasha
D:4:      layout_rooms, serial_shops, nicolae_shop_overgrown_old_shop,
          uniq_eustachio
D:5:      layout_loops_ring, minmay_misc_feat_iff, uniq_prince_ribbit1
D:6:      minmay_angry_zag, layout_loops_ring, kennysheep_orc_sif_temple,
          serial_glass, glass_columns_c, glass_columns_c, glass_columns_b,
          glass_columns_c, glass_columns_a, glass_columns_c, glass_columns_a,
          glass_columns_c, glass_columns_a, glass_columns_b, glass_columns_a,
          glass_columns_b, glass_columns_a, glass_columns_b,
          minmay_strange_pillars, minmay_strange_pillars, feat_on_display,
          item_on_display_b, chequers_serial_rivers_micro_c
D:7:      layout_rooms, riverfiend_overflow_shadow_ancestor, temple_statues,
          uniq_menkaure
D:8:      layout_rooms, grunt_temple_overflow_opulence, kiku_gazebo_pond_becter,
          grunt_temple_overflow_open, grunt_decor_arrowhead,
          reono_crystal_passage
D:9:      layout_roguey, fedhas_ov_isle_minmay, nicolae_wu_jian_wuxing_cycle,
          dpeg_lair_monsters, fungi_pond_lemuel

Skill      XL: |  1  2  3  4  5  6  7  8  9 10 |
---------------+-------------------------------+-----
Axes           | 4 7 10 11 14 16 18 | 18.6
Fighting       | |  3.8
Armour         | |  2.6
Dodging        | |  2.4

Action                   |  1- 3 |  4- 6 |  7- 9 | 10-12 || total
-------------------------+-------+-------+-------+-------++-------
Melee: Hand axe          |    54 |       |       |       ||    54
       Headbutt          |    10 |     8 |    28 |    14 ||    60
       Punch             |     1 |       |       |       ||     1
       War axe           |     2 |    25 |   138 |    81 ||   246
Invok: Berserk           |     1 |       |     2 |     1 ||     4
       Trog's Hand       |       |       |     4 |     1 ||     5
  Use: Scroll            |       |       |    13 |     3 ||    16
 Stab: Distracted        |       |       |       |     2 ||     2
Armor: Animal skin       |    11 |       |       |       ||    11
       Plate armour      |       |     4 |    95 |    49 ||   148
Dodge: Dodged            |    39 |    16 |    73 |    37 ||   165
